 Seeded DCSS version 0.29.0-11-gd7f09526c8 (webtiles) character file.

Game seed: 599014582449541784 (custom seed)

50857 nickcage the Impaler (level 14, -4/107 HPs)
             Began as a Merfolk Gladiator on Sept 2, 2022.
             Was a High Priest of Hepliaklqana.
             Slain by a large slime creature (32 damage)
             ... on level 12 of the Dungeon.
             The game lasted 00:57:04 (16244 turns).

nickcage the Impaler (Merfolk Gladiator)           Turns: 16244, Time: 00:57:05

Health: -4/107     AC: 19    Str: 18    XL:     14   Next: 57%
Magic:  15/15      EV: 11    Int: 11    God:    Hepliaklqana [*****.]
Gold:   989        SH: 18    Dex: 16    Spells: 13/13 levels left

rFire   . . .      SeeInvis +   z - +3 trident (venom)
rCold   . . .      Faith    .   r - +0 tower shield
rNeg    . . .      Spirit   .   p - +2 chain mail {rPois}
rPois   +          Reflect  .   t - +1 helmet {Int+3}
rElec   .          Harm     .   S - +0 cloak
rCorr   .          Rampage  .   A - +0 pair of gloves
Will    +....                   J - +0 pair of boots
Stlth   ..........              m - amulet of regeneration
HPRegen 1.07/turn               i - ring of see invisible
MPRegen 0.14/turn               g - +4 ring of evasion

@: studying Maces & Flails
A: reduced essence, (nimble swimmer 2), mertail
a: Renounce Religion, Recall Ancestor, Ancestor Identity, Transference, Idealise


You were on level 12 of the Dungeon.
You worshipped Hepliaklqana.
Hepliaklqana was extremely pleased with you.
You visited 3 branches of the dungeon, and saw 18 of its levels.

You collected 989 gold pieces.

Inventory:

Hand Weapons
 b - the +3 whip "Ruim Finn" {vorpal, Str+5 Stlth-}
   (You took it off an orc on level 6 of the Dungeon)

   It inflicts extra damage upon your enemies.
   Str:       It affects your strength (+5).
   Stlth:     It makes you less stealthy.
 c - a +4 halberd of venom
 z - a +3 trident of venom (weapon)
 I - the +6 halberd of the Postmodern Heavens {spect, rElec rPois rC+ Will-}
   (You found it on level 8 of the Dungeon)

   When its wielder attacks, the weapon's spirit leaps out and strikes again.
   The spirit shares a part of any damage it takes with its wielder.
   rC:        It protects you from cold.
   rElec:     It insulates you from electricity.
   rPois:     It protects you from poison.
   Will:      It decreases your willpower.
 T - a +0 glaive
Missiles
 d - 2 throwing nets
 e - 5 silver javelins
 D - a boomerang (quivered)
Armour
 p - a +2 chain mail of poison resistance (worn)
 r - a +0 tower shield (worn)
 t - a +1 helmet of intelligence (worn)
 A - a +0 pair of gloves (worn)
 J - a +0 pair of boots (worn)
 S - a +0 cloak (worn)
 V - a +0 plate armour
Jewellery
 g - a +4 ring of evasion (right hand)
 i - a ring of see invisible (left hand)
 m - an amulet of regeneration (around neck)
 C - a ring of resist corrosion
Wands
 B - a wand of flame (44)
 E - a wand of roots (7)
 F - a wand of paralysis (20)
 L - a wand of quicksilver (20)
 R - a wand of polymorph (2)
Scrolls
 a - 2 scrolls of identify
 n - 3 scrolls of enchant armour
 y - a scroll of enchant weapon
 K - 3 scrolls of magic mapping
 P - 2 scrolls of teleportation
 X - a scroll of fear
 Y - a scroll of brand weapon
 Z - a scroll of poison
Potions
 f - a potion of brilliance
 h - 2 potions of haste
 j - 2 potions of resistance
 o - 2 potions of might
 q - 2 potions of invisibility
 s - 5 potions of heal wounds
 w - 3 potions of curing
 x - a potion of berserk rage
 G - 2 potions of cancellation
 N - a potion of mutation
 O - a potion of flight
 W - a potion of ambrosia


   Skills:
 + Level 13.9 Fighting
 + Level 18.3 Polearms
 - Level 2.0 Throwing
 + Level 8.1 Armour
 - Level 4.0 Dodging
 - Level 13.0 Shields
 * Level 1.9 Invocations
 - Level 0.6 Evocations


You had 13 spell levels left.
You didn't know any spells.
Your spell library contained the following spells:

 Spells                   Type           Power      Damage    Failure   Level
 Ensorcelled Hibernation  Hex/Ice        0%         N/A       100%        2
 Poisonous Vapours        Pois/Air       0%         N/A       100%        2
 Static Discharge         Conj/Air       0%         3-3/arc   100%        2
 Call Canine Familiar     Summ           0%         N/A       100%        3
 Ozocubu's Armour         Ice            0%         N/A       100%        3
 Portal Projectile        Hex/Tloc       0%         N/A       100%        3
 Spider Form              Tmut/Pois      0%         N/A       100%        3
 Anguish                  Hex/Necr       0%         N/A       100%        4
 Corpse Rot               Necr/Pois/Air  0%         N/A       100%        4
 Leda's Liquefaction      Hex/Erth       0%         N/A       100%        4
 Blade Hands              Tmut           0%         N/A       100%        5
 Irradiate                Conj/Tmut      0%         3d11      100%        5
 Lightning Bolt           Conj/Air       0%         1d11      100%        5
 Dragon Form              Tmut           0%         N/A       100%        7
 Ozocubu's Refrigeration  Ice            0%         4d7       100%        7
 Maxwell's Capacitive Co  Air            0%         ∞         100%        8


Dungeon Overview and Level Annotations

Branches:
Dungeon (12/15)            Temple (1/1) D:6            Lair (5/5) D:8
  Swamp (0/4) Lair:2       Spider (0/4) Lair:2        Slime (0/5) Lair:5
    Orc (0/2) D:9

Altars:
Ashenzari
Cheibriados
Dithmenos
Elyvilon
Fedhas
Gozag
Hepliaklqana
Kikubaaqudgha
Makhleb
Nemelex Xobeh
Okawaru
Qazlal
Ru
Sif Muna
Trog
Uskayaw
Vehumet
Wu Jian
Xom
Yredelemnul
Zin
The Shining One

Annotations:
Lair:4 2 transporters, Murgh's ghost, journeyman MiBe


Innate Abilities, Weirdness & Mutations

Your life essence is reduced to manifest your ancestor. (-10% HP)
((You are very nimble when in or above water. (Stealth+, EV+, Speed+++)))
Your lower body shifts to a powerful aquatic tail in water.


Message History

The unseen horror hits you.
You hit the unseen horror.
You kill the unseen horror!
A large slime creature splits.
The slime creature attacks as you move away!
The slime creature hits you!
The slime creature attacks as you move away!
You block the slime creature's attack.
The slime creature attacks as you move away!
The slime creature hits you.
* * * LOW HITPOINT WARNING * * *
Two slime creatures merge to form a large slime creature.
A shadow comes into view.
The shadow slips into darkness.
The shadow flickers and vanishes for a moment.
You block the shadow's attack.
You puncture the shadow!
The shadow is moderately damaged.
You block the shadow's attack.
You barely miss the shadow.
The shadow is moderately damaged.
You puncture the shadow!
The shadow is severely damaged.
You block the shadow's attack.
You hit the shadow.
The shadow is severely damaged.
The shadow hits you!
* * * LOW HITPOINT WARNING * * *
You block the large slime creature's attack.
You barely miss the shadow.
The shadow is severely damaged.
The shadow slips into darkness.
The shadow flickers and vanishes for a moment.
You block the large slime creature's attack.
You barely miss the shadow.
The shadow is severely damaged.
The shadow hits you.
* * * LOW HITPOINT WARNING * * *
The large slime creature hits you!!
You die...

######## ####
#......# .....
#......#
.....###...J@.###.
.......$..o.W.......
....................
..........##........
........####........
.....o..J.......#...
..
................#...
.. .........!......#
..
....................#


You could see a large slime creature, an orc warrior, a shadow and an orc
(wandering).

Vanquished Creatures
  2 boulder beetles
  6 hydras
  4 two-headed ogres
  A death yak (Lair:4)
  Erica (D:8)
  A skeletal warrior (D:12)
  Pikel (D:9)
  A lindwurm (Lair:5)
  A manticore (D:11)
  4 elephants
  2 black mambas
  Maurice (D:9)
  A gargoyle (D:11)
  8 cane toads
  2 kobold demonologists
  3 rime drakes
  2 komodo dragons
  2 unseen horrors
  An ancient zyme (Lair:5)
  3 polar bears
  34 blink frogs
  5 dream sheep
  A wraith (D:9)
  A shadow (D:12)
  25 yaks
  A wyvern (Lair:5)
  A steam dragon (D:9)
  A fire elemental (D:12)
  4 vampire mosquitoes (D:11)
  Menkaure (D:5)
  A swamp worm (Lair:2)
  4 water moccasins
  An acid dragon (D:10)
  A hell hound (D:12)
  5 ice beasts
  4 orc warriors
  2 black bears
  14 wolves
  6 centaurs
  A phantom (D:6)
  2 lemures (D:9)
  A necrophage (D:7)
  Blork the orc (D:4)
  A gnoll sergeant (D:10)
  11 bullfrogs
  2 scorpions
  9 wights
  9 killer bees
  3 howler monkeys
  An electric eel (Lair:4)
  4 orc priests
  2 hounds (D:5)
  6 jellies
  4 iguanas
  8 orc wizards
  Robin (D:3)
  3 gnolls (D:11)
  6 adders
  A white imp (D:6)
  A worm (D:4)
  3 dart slugs
  32 orcs
  5 endoplasms
  7 giant cockroaches
  14 goblins
  7 hobgoblins
  4 jackals (D:1)
  6 kobolds
  4 quokkas
  8 ball pythons
  6 bats
  3 frilled lizards
  6 rats
341 creatures vanquished.

Vanquished Creatures (collateral kills)
  Azrael (D:12)
  A two-headed ogre (D:11)
  A hydra (Lair:4)
  3 death yaks
  A skeletal warrior (D:12)
  A cyclops (D:11)
  4 elephants
  8 cane toads
  A komodo dragon (D:11)
  2 dream sheep (Lair:4)
  8 blink frogs
  A wyvern (Lair:4)
  2 wraiths
  2 basilisks
  13 yaks
  2 hell hounds (D:12)
  3 water moccasins
  3 wolves (Lair:5)
  A centaur (D:9)
  4 bullfrogs
  A gnoll sergeant (D:11)
  5 killer bees
  A howler monkey (D:11)
  An orc priest (D:10)
  An orc (D:12)
71 creatures vanquished.

Vanquished Creatures (others)
  4 ancestors
  10 knights
  44 fungi
  54 plants
112 creatures vanquished.

Grand Total: 524 creatures vanquished

Notes
Turn   | Place    | Note
-------+----------+-------------------------------------------
     0 | D:1      | nickcage the Merfolk Gladiator began the quest for the Orb.
     0 | D:1      | Reached XP level 1. HP: 16/16 MP: 1/1
     1 | D:1      | Found a runed translucent door.
   228 | D:1      | Reached XP level 2. HP: 14/22 MP: 2/2
   368 | D:1      | Found a faded altar of an unknown god.
   395 | D:1      | Reached skill level 5 in Polearms
   751 | D:1      | Reached XP level 3. HP: 11/27 MP: 3/3
  1080 | D:2      | Reached skill level 6 in Polearms
  1821 | D:3      | Reached XP level 4. HP: 26/33 MP: 4/4
  1922 | D:3      | Noticed Robin
  1927 | D:3      | Killed Robin
  2171 | D:3      | Reached skill level 7 in Polearms
  2683 | D:4      | Noticed Blork the orc
  2697 | D:5      | Entered Level 5 of the Dungeon
  2697 | D:5      | Found a basalt altar of Yredelemnul.
  2733 | D:4      | Reached XP level 5. HP: 37/38 MP: 5/5
  2848 | D:4      | Reached skill level 8 in Polearms
  3299 | D:4      | Reached XP level 6. HP: 33/40 MP: 6/6
  3402 | D:4      | Reached skill level 9 in Polearms
  3564 | D:4      | Killed Blork the orc
  3651 | D:4      | Noticed a two-headed ogre
  3667 | D:4      | Killed a two-headed ogre
  3668 | D:4      | Reached skill level 12 in Polearms
  3668 | D:4      | Reached XP level 7. HP: 30/50 MP: 7/7
  3668 | D:4      | Reached XP level 8. HP: 34/56 MP: 8/8
  3966 | D:4      | Found a blossoming altar of Fedhas.
  4318 | D:5      | Reached skill level 13 in Polearms
  4373 | D:5      | Noticed Menkaure
  4382 | D:5      | Killed Menkaure
  4487 | D:5      | Found a hide-covered altar of Uskayaw.
  4826 | D:6      | Reached skill level 14 in Polearms
  5169 | D:6      | Reached XP level 9. HP: 22/62 MP: 9/9
  5421 | D:6      | Reached skill level 1 in Armour
  5928 | D:6      | Found a staircase to the Ecumenical Temple.
  5941 | D:6      | Reached skill level 15 in Polearms
  6026 | D:6      | Identified the +3 whip "Ruim Finn" {vorpal, Str+5 Stlth-}
  6053 | Temple   | Entered the Ecumenical Temple
  7643 | D:7      | Found a glowing silver altar of Zin.
  7643 | D:7      | Found a white marble altar of Elyvilon.
  7643 | D:7      | Found a glowing golden altar of the Shining One.
  7712 | D:7      | Found a hazy altar of Hepliaklqana.
  7717 | D:7      | Became a worshipper of Hepliaklqana the Forgotten
  7847 | D:8      | Identified the +2 leather armour "Balom" {Str-4 Int-3
                  | Dex+8}
  7999 | D:8      | Found a staircase to the Lair.
  8027 | D:8      | Identified the +6 halberd of the Postmodern Heavens {spect,
                  | rElec rPois rC+ Will-}
  8163 | D:8      | Noticed Erica
  8177 | D:8      | Killed Erica
  8178 | D:8      | Reached skill level 5 in Fighting
  8178 | D:8      | Reached skill level 16 in Polearms
  8178 | D:8      | Reached XP level 10. HP: 74/74 MP: 10/10
  8298 | D:8      | Found a burning altar of Makhleb.
  8450 | D:8      | Reached * piety under Hepliaklqana
  8472 | D:8      | Found a radiant altar of Vehumet.
  8699 | D:9      | Found a staircase to the Orcish Mines.
  8880 | D:9      | Noticed Maurice
  8881 | D:9      | Noticed Pikel
  8912 | Lair:1   | Entered Level 1 of the Lair of Beasts
  8949 | Lair:1   | Reached skill level 1 in Shields
  9056 | Lair:1   | Noticed a cane toad
  9075 | Lair:1   | Killed a cane toad
  9076 | Lair:1   | Reached skill level 5 in Armour
  9100 | Lair:1   | Noticed a cane toad
  9110 | Lair:1   | Killed a cane toad
  9233 | Lair:1   | Noticed a cane toad
  9244 | Lair:1   | Reached XP level 11. HP: 74/75 MP: 11/11
  9246 | Lair:1   | Reached skill level 17 in Polearms
  9733 | Lair:2   | Reached ** piety under Hepliaklqana
  9734 | Lair:2   | Remembered your ancestor Tanky as a knight
  9886 | Lair:2   | Noticed a boulder beetle
  9890 | Lair:2   | Reached skill level 5 in Shields
  9905 | Lair:1   | Killed a boulder beetle
 10184 | Lair:2   | Noticed a six-headed hydra
 10200 | Lair:2   | Killed a six-headed hydra
 10318 | Lair:2   | Reached XP level 12. HP: 86/86 MP: 12/12
 10321 | Lair:2   | Found a hole to the Spider Nest.
 10335 | Lair:2   | Reached skill level 18 in Polearms
 10412 | Lair:2   | Noticed a five-headed hydra
 10419 | Lair:2   | Killed a five-headed hydra
 10420 | Lair:2   | Reached skill level 10 in Fighting
 10587 | Lair:2   | Noticed an eight-headed hydra
 10594 | Lair:2   | Killed an eight-headed hydra
 10617 | Lair:2   | Found a staircase to the Swamp.
 11010 | Lair:3   | Noticed a four-headed hydra
 11020 | Lair:3   | Killed a four-headed hydra
 11158 | Lair:3   | Reached *** piety under Hepliaklqana
 11238 | Lair:3   | Noticed a six-headed hydra
 11244 | Lair:3   | Killed a six-headed hydra
 11827 | Lair:4   | Found a transporter.
 11829 | Lair:4   | Found a transporter.
 11844 | Lair:4   | Noticed a death yak
 11845 | Lair:4   | Noticed a death yak
 11856 | Lair:4   | Noticed Murgh's ghost (journeyman MiBe)
 11864 | Lair:4   | Noticed a death yak
 11864 | Lair:4   | Noticed a death yak
 11873 | Lair:3   | Killed a death yak
 11874 | Lair:3   | Reached XP level 13. HP: 79/95 MP: 10/13
 11944 | Lair:4   | Reached skill level 10 in Shields
 12777 | Lair:4   | Reached **** piety under Hepliaklqana
 12951 | Lair:5   | Entered Level 5 of the Lair of Beasts
 13087 | Lair:5   | Found a staircase to the Slime Pits.
 13880 | D:9      | Killed Maurice
 13928 | D:9      | Killed Pikel
 13940 | D:9      | Reached XP level 14. HP: 82/106 MP: 14/14
 14179 | D:9      | Found a broken altar of Ashenzari.
 14189 | D:9      | Found a stormy altar of Qazlal.
 14347 | D:9      | Found a bloodstained altar of Trog.
 14453 | D:10     | Entered Level 10 of the Dungeon
 14826 | D:10     | Found an ancient bone altar of Kikubaaqudgha.
 15612 | D:11     | Found a bloodstained altar of Trog.
 15671 | D:11     | Reached ***** piety under Hepliaklqana
 16072 | D:12     | Noticed Azrael
 16080 | D:12     | Killed Azrael
 16081 | D:12     | Reached skill level 1 in Invocations
 16244 | D:12     | Slain by a large slime creature

Illustrated notes

Levels and vault maps discovered:
D:1:      dpeg_arrival_caged_fury, layout_loops_ring,
          ebering_ecumenical_altar_ruins
D:2:      layout_basic, lemuel_another_geyser
D:3:      cheibrodos_helix_gallery, layout_loops_cross, nicolae_eternal_life,
          grunt_decor_junction, uniq_robin
D:4:      layout_loops_ring, kennysheep_mini_moat, kennysheep_orc_chapel,
          uniq_blork_the_orc
D:5:      layout_basic, nicolae_uskayaw_suspiria, general_overflow_altar,
          uniq_menkaure
D:6:      layout_gridville, minmay_temple_entry_mini_moons, serial_rivers,
          chequers_serial_rivers_micro_c, chequers_serial_rivers_small_b,
          chequers_serial_rivers_micro_c, chequers_serial_rivers_room_b
D:7:      layout_rooms, dreamdust_divine_triumvirate,
          nicolae_hepliaklqana_hippocampus, serial_aquarium,
          aquarium_bridge_straight [aquarium_subvault_bridge,
          aquarium_subvault_window, aquarium_subvault_bridge,
          aquarium_subvault_balcony], aquarium_bridge_long_separate
          [aquarium_subvault_bridge, aquarium_subvault_bridge,
          aquarium_subvault_balcony, aquarium_subvault_bridge,
          aquarium_subvault_balcony, aquarium_subvault_bridge],
          aquarium_window_corridor_3, aquarium_window_1, aquarium_view_2b,
          aquarium_view_2b, aquarium_balcony_5b, aquarium_pool_2
D:8:      layout_loops_corners, vehumet_altar_wand_db, bloody_makhleb,
          lair_entry_dummy, uniq_erica
D:9:      layout_loops_cross, mainiacjoe_overflow_alcove_2,
          jmf_multi_god_temple, uniq_maurice, uniq_pikel
D:10:     cheibrodos_iron_armory, layout_gridville, lemuel_doored_altar,
          kennysheep_generic_room_6
D:11:     minmay_skewed_foursquare, layout_irregular_city, trog_ov_bears_minmay
D:12:     layout_basic, nicolae_fountain_basement, uniq_azrael
Temple:   nicolae_temple_cloud_nine
Lair:1:   layout_roguey
Lair:2:   layout_roguey, palyth_hydra_swamp_entry, dummy_spider_entry,
          chequers_serial_rivers_marsh, minivault_11
Lair:3:   layout_chaotic_city, grunt_megastairs_3
Lair:4:   layout_gridlike, gammafunk_ghost_hive, infiniplex_staircase_pool
Lair:5:   hellmonk_lair_end_abyssal_woods, layout_regular_city, slime_entry_1,
          grunt_megastairs_2, serial_bayou_shore_b

Skill      XL: |  1  2  3  4  5  6  7  8  9 10 11 12 13 14 |
---------------+-------------------------------------------+-----
Polearms       | 5 6 7 8 12 14 16 17 18 | 18.3
Fighting       | 5 7 9 11 13 | 13.9
Armour         | 4 5 6 7 8 |  8.1
Shields        | 3 6 9 11 13 | 13.0
Invocations    | 1 |  1.9
Throwing       | |  2.0
Dodging        | |  4.0
Evocations     | |  0.6

Action                   |  1- 3 |  4- 6 |  7- 9 | 10-12 | 13-15 || total
-------------------------+-------+-------+-------+-------+-------++-------
Melee: Trident           |   146 |   174 |   275 |   467 |   690 ||  1752
       Halberd           |       |       |    27 |       |       ||    27
       Punch             |       |       |     1 |       |       ||     1
       Tailslap          |       |       |       |     1 |       ||     1
Throw: Javelin           |       |     1 |     1 |     1 |       ||     3
       Throwing net      |       |     1 |       |       |       ||     1
       Boomerang         |       |       |       |     1 |    13 ||    14
Invok: Recall Ancestor   |       |       |       |     4 |     2 ||     6
       Ancestor Identity |       |       |       |     1 |       ||     1
       Ancestor Life: Kn |       |       |       |     1 |       ||     1
       Transference      |       |       |       |       |     1 ||     1
       Idealise          |       |       |       |       |     1 ||     1
Evoke: Wand              |       |       |       |    18 |     1 ||    19
  Use: Scroll            |       |     4 |    12 |     5 |    10 ||    31
       Potion            |       |     1 |       |     1 |       ||     2
 Stab: Held in net/web   |       |     1 |       |       |       ||     1
       Distracted        |       |       |       |     4 |     8 ||    12
Armor: Scale mail        |    49 |       |       |       |       ||    49
       Chain mail        |    10 |    74 |    69 |   108 |   142 ||   403
Dodge: Dodged            |    57 |    53 |    55 |    78 |   119 ||   362
Block: Tower shield      |       |       |    10 |   210 |   449 ||   669
